SR
PHOENIX HOTSPUR ACADEMY @ STATEN ISLAND PIZZA RATS
07/29/2034
 
TOP OF THE 1ST
Phoenix Hotspur Academy batting - Pitching for Staten Island Pizza Rats : RHP Ramón Ramírez
Pitching: RHP Ramón Ramírez
Batting: RHB Paco González 0-0: Ball
1-0: Called Strike
1-1: Swinging Strike
1-2: Fly out, F9 (Flyball, 89S)
Batting: LHB Pancho Coloma 0-0: SINGLE (Groundball, 4MD)
Batting: RHB Brit Davis 0-0: Called Strike
0-1: Called Strike
0-2: Ball
1-2: Strikes out swinging
Batting: RHB Brad Lamb 0-0: Fly out, F2 (Popup, 23F)
Top of the 1st over - 0 runs, 1 hit, 0 errors, 1 left on base; Phoenix 0 - Staten Island 0
BOTTOM OF THE 1ST
Staten Island Pizza Rats batting - Pitching for Phoenix Hotspur Academy : RHP Sean Neely
Pitching: RHP Sean Neely
Batting: RHB Curt Rovira 0-0: Ball
1-0: Foul Ball, location: 2F
1-1: Fly out, F7 (Flyball, 7)
Batting: RHB Albert McBride 0-0: Ball
1-0: Foul Ball, location: 2F
1-1: Ball
2-1: Foul Ball, location: 2F
2-2: Strikes out swinging
Batting: RHB Doug Becker 0-0: Ball
1-0: Ball
2-0: Called Strike
2-1: Ball
3-1: SINGLE (Groundball, 56D)
Batting: LHB Tony Rincón 0-0: Swinging Strike
0-1: Ball
1-1: Foul Ball, location: 2F
1-2: Fly out, F7 (Flyball, 7S)
Bottom of the 1st over - 0 runs, 1 hit, 0 errors, 1 left on base; Phoenix 0 - Staten Island 0
TOP OF THE 2ND
Phoenix Hotspur Academy batting - Pitching for Staten Island Pizza Rats : RHP Ramón Ramírez
Batting: RHB Nathan Pruitt 0-0: Called Strike
0-1: Foul Ball, location: 2F
0-2: Ball
1-2: Ball
2-2: SINGLE (Line Drive, 34)
Batting: RHB Ronnie Wise 0-0: Called Strike
0-1: Ball
1-1: Ball
2-1: Ball
3-1: Foul Ball, location: 2F
3-2: Foul Ball, location: 2F
3-2: Strikes out swinging
Batting: LHB Daniel Joseph 0-0: Called Strike
0-1: Fielders Choice at 2nd, 4-6 (Groundball, 4M)
Batting: RHB Frank Ray 0-0: Ball
1-0: Ball
2-0: Foul Ball, location: 2F
2-1: Foul Ball, location: 2F
2-2: Ball
3-2: Foul Ball, location: 2F
3-2: SINGLE (Line Drive, 4D)
Daniel Joseph to second
Daniel Joseph to third
Batting: RHB Felipe Hernández 0-0: Called Strike
0-1: Foul Ball, location: 2F
0-2: Foul Ball, location: 2F
0-2: Ball
Frank Ray steals 2nd base
1-2: Strikes out swinging
Top of the 2nd over - 0 runs, 2 hits, 0 errors, 2 left on base; Phoenix 0 - Staten Island 0
BOTTOM OF THE 2ND
Staten Island Pizza Rats batting - Pitching for Phoenix Hotspur Academy : RHP Sean Neely
Batting: RHB Brock Waxley 0-0: Called Strike
0-1: Ball
1-1: Called Strike
1-2: Foul Ball, location: 2F
1-2: Ball
2-2: Foul Ball, location: 2F
2-2: Ball
3-2: Strikes out swinging
Batting: LHB Ismael Soto 0-0: Foul Ball, location: 2F
0-1: Called Strike
0-2: Ball
1-2: Ball
2-2: Strikes out swinging
Batting: LHB Puck Schit 0-0: Ball
1-0: Ball
2-0: Called Strike
2-1: Foul Ball, location: 2F
2-2: DOUBLE (Groundball, 3L)
Batting: RHB Jorge Japón 0-0: 2-RUN HOME RUN (Flyball, 7LD), Distance : 336 ft
Batting: LHB Carlos Sánchez 0-0: SINGLE (Line Drive, 4D)
Batting: RHB Curt Rovira 0-0: Ball
1-0: Fielders Choice at 2nd, 5-4 (Groundball, 56)
Bottom of the 2nd over - 2 runs, 3 hits, 0 errors, 1 left on base; Phoenix 0 - Staten Island 2
TOP OF THE 3RD
Phoenix Hotspur Academy batting - Pitching for Staten Island Pizza Rats : RHP Ramón Ramírez
Batting: RHB Paco González 0-0: Foul Ball, location: 2F
0-1: DOUBLE (Line Drive, 8LD)
Batting: LHB Pancho Coloma 0-0: Swinging Strike
0-1: Ball
1-1: Ball
2-1: Ground out 6-3 (Groundball, 6M)
Paco González to third
Batting: RHB Brit Davis 0-0: Ball
1-0: SINGLE (Groundball, 5S) (infield hit)
Paco González scores
Batting: RHB Brad Lamb 0-0: Ball
1-0: Swinging Strike
1-1: Swinging Strike
1-2: Ball
2-2: Strikes out swinging
Batting: RHB Nathan Pruitt 0-0: Fly out, F7 (Flyball, 78M)
Top of the 3rd over - 1 run, 2 hits, 0 errors, 1 left on base; Phoenix 1 - Staten Island 2
BOTTOM OF THE 3RD
Staten Island Pizza Rats batting - Pitching for Phoenix Hotspur Academy : RHP Sean Neely
Batting: RHB Albert McBride 0-0: Called Strike
0-1: SINGLE (Groundball, 6D)
Batting: RHB Doug Becker 0-0: Ball
1-0: Ball
2-0: Called Strike
2-1: Ball
3-1: Base on Balls
Albert McBride to second
Batting: LHB Tony Rincón 0-0: Called Strike
0-1: Ball
1-1: Swinging Strike
1-2: Foul Ball, location: 2F
1-2: Strikes out swinging
Batting: RHB Brock Waxley 0-0: Ball
1-0: SINGLE (Groundball, 34D)
Albert McBride to third
Doug Becker to second
Runner from 3rd tries for Home, SAFE, throw made home
Batting: LHB Ismael Soto 0-0: Called Strike
0-1: Ball
1-1: Foul Ball, location: 2F
1-2: TRIPLE (Flyball, 8RXD)
Doug Becker scores
Brock Waxley scores
Batting: LHB Puck Schit 0-0: Called Strike
0-1: Foul Ball, location: 2F
0-2: Ground out 3-1 (Groundball, 23)
Batting: RHB Jorge Japón 0-0: Ball
1-0: Ball
2-0: Called Strike
2-1: Ball
3-1: Base on Balls
Batting: LHB Carlos Sánchez 0-0: Ball
1-0: Ball
2-0: Ball
3-0: Called Strike
3-1: Foul Ball, location: 2F
3-2: Strikes out swinging
Bottom of the 3rd over - 3 runs, 3 hits, 0 errors, 2 left on base; Phoenix 1 - Staten Island 5
TOP OF THE 4TH
Phoenix Hotspur Academy batting - Pitching for Staten Island Pizza Rats : RHP Ramón Ramírez
Batting: RHB Ronnie Wise 0-0: Foul Ball, location: 2F
0-1: Ground out 6-3 (Groundball, 6)
Batting: LHB Daniel Joseph 0-0: Ball
1-0: Ball
2-0: Called Strike
2-1: Foul Ball, location: 2F
2-2: Foul Ball, location: 2F
2-2: Ground out 3-1 (Groundball, 34)
Batting: RHB Frank Ray 0-0: Foul Ball, location: 2F
0-1: Ball
1-1: Swinging Strike
1-2: Ball
2-2: Foul Ball, location: 2F
2-2: Foul Ball, location: 2F
2-2: DOUBLE (Line Drive, 89D)
Batting: RHB Felipe Hernández 0-0: DOUBLE (Line Drive, 9LS)
Frank Ray scores
Batting: RHB Paco González 0-0: Called Strike
0-1: Ball
1-1: Foul Ball, location: 2F
1-2: Ball
Wild Pitch!
Felipe Hernández to third
2-2: Fly out, F9 (Flyball, 9)
Top of the 4th over - 1 run, 2 hits, 0 errors, 1 left on base; Phoenix 2 - Staten Island 5
BOTTOM OF THE 4TH
Staten Island Pizza Rats batting - Pitching for Phoenix Hotspur Academy : RHP Sean Neely
Batting: RHB Curt Rovira 0-0: Ball
1-0: Ground out 5-3 (Groundball, 5)
Batting: RHB Albert McBride 0-0: Foul Ball, location: 2F
0-1: Ball
1-1: Foul Ball, location: 2F
1-2: Ball
2-2: SINGLE (Groundball, 4) (infield hit)
Batting: RHB Doug Becker 0-0: Called Strike
0-1: Ball
1-1: Ball
2-1: SINGLE (Line Drive, 56)
Albert McBride to second
Batting: LHB Tony Rincón 0-0: Ball
1-0: Called Strike
1-1: Ball
2-1: Called Strike
2-2: Ball
3-2: Base on Balls
Albert McBride to third
Doug Becker to second
Batting: RHB Brock Waxley 0-0: Ball
1-0: Called Strike
1-1: Ball
2-1: Fly out, F9 (Flyball, 9S)
Batting: LHB Ismael Soto 0-0: Called Strike
0-1: Foul Ball, location: 2F
0-2: Foul Ball, location: 2F
0-2: SINGLE (Groundball, 56) (infield hit)
Albert McBride scores
Doug Becker to third
Tony Rincón to second
Batting: LHB Puck Schit 0-0: Ball
1-0: Called Strike
1-1: Ground out 4-3 (Groundball, 4)
Bottom of the 4th over - 1 run, 3 hits, 0 errors, 3 left on base; Phoenix 2 - Staten Island 6
TOP OF THE 5TH
Phoenix Hotspur Academy batting - Pitching for Staten Island Pizza Rats : RHP Ramón Ramírez
Batting: LHB Pancho Coloma 0-0: Ball
1-0: Ball
2-0: Ball
3-0: Base on Balls
Batting: RHB Brit Davis 0-0: Ball
1-0: Ball
2-0: Foul Ball, location: 2F
2-1: Ball
3-1: Base on Balls
Pancho Coloma to second
Batting: RHB Brad Lamb 0-0: Foul Ball, location: 2F
0-1: DOUBLE (Flyball, 89D)
Pancho Coloma scores
Brit Davis to third
Runner from 3rd tries for Home, SAFE, no throw
Batting: RHB Nathan Pruitt 0-0: Called Strike
0-1: Ball
1-1: Ball
Passed Ball!
Brad Lamb to third
2-1: Ball
3-1: Base on Balls
Batting: RHB Ronnie Wise 0-0: Ball
1-0: Foul Ball, location: 2F
1-1: Foul Ball, location: 2F
1-2: Ball
Wild Pitch!
Brad Lamb scores
Nathan Pruitt to second
2-2: Strikes out looking
Batting: LHB Daniel Joseph 0-0: SINGLE (Groundball, 6MD)
Nathan Pruitt to third
Runner from 3rd tries for Home, SAFE, no throw
Batting: RHB Frank Ray 0-0: Called Strike
0-1: Foul Ball, location: 2F
0-2: Ball
1-2: SINGLE (Groundball, 4MD)
Daniel Joseph to second
Batting: RHB Felipe Hernández 0-0: Called Strike
0-1: Foul Ball, location: 2F
0-2: Grounds into double play, 6-4-3 (Groundball, 6)
Top of the 5th over - 4 runs, 3 hits, 0 errors, 1 left on base; Phoenix 6 - Staten Island 6
BOTTOM OF THE 5TH
Staten Island Pizza Rats batting - Pitching for Phoenix Hotspur Academy : RHP Sean Neely
Batting: RHB Jorge Japón 0-0: Ball
1-0: Ball
2-0: Called Strike
2-1: Fly out, F9 (Flyball, 9D)
Batting: LHB Carlos Sánchez 0-0: Ground out U3 (Groundball, 34)
Batting: RHB Curt Rovira 0-0: Swinging Strike
0-1: Ball
1-1: Called Strike
1-2: Strikes out looking
Bottom of the 5th over - 0 runs, 0 hits, 0 errors, 0 left on base; Phoenix 6 - Staten Island 6
TOP OF THE 6TH
Phoenix Hotspur Academy batting - Pitching for Staten Island Pizza Rats : RHP Ramón Ramírez
Batting: RHB Paco González 0-0: Called Strike
0-1: Called Strike
0-2: Ball
1-2: Foul Ball, location: 2F
1-2: Strikes out looking
Batting: LHB Pancho Coloma 0-0: Foul Ball, location: 2F
0-1: Foul Ball, location: 2F
0-2: Ground out 6-3 (Groundball, 6)
Batting: RHB Brit Davis 0-0: Ball
1-0: Called Strike
1-1: Foul Ball, location: 2F
1-2: Ball
2-2: Foul Ball, location: 2F
2-2: Ground out 4-3 (Groundball, 4)
Top of the 6th over - 0 runs, 0 hits, 0 errors, 0 left on base; Phoenix 6 - Staten Island 6
BOTTOM OF THE 6TH
Staten Island Pizza Rats batting - Pitching for Phoenix Hotspur Academy : RHP Sean Neely
Pitching: LHP Raúl Vázquez
Batting: RHB Albert McBride 0-0: Ball
1-0: Ball
2-0: Fly out, F7 (Flyball, 7S)
Batting: RHB Doug Becker 0-0: Ball
1-0: Fly out, F8 (Flyball, 8LM)
Batting: LHB Tony Rincón 0-0: Fly out, F7 (Flyball, 78S)
Bottom of the 6th over - 0 runs, 0 hits, 0 errors, 0 left on base; Phoenix 6 - Staten Island 6
TOP OF THE 7TH
Phoenix Hotspur Academy batting - Pitching for Staten Island Pizza Rats : RHP Ramón Ramírez
Batting: RHB Brad Lamb 0-0: Called Strike
0-1: Swinging Strike
0-2: Foul Ball, location: 2F
0-2: Foul Ball, location: 2F
0-2: Ball
1-2: Ground out 3-1 (Groundball, 34S)
Batting: RHB Nathan Pruitt 0-0: Called Strike
0-1: Ball
1-1: Ball
2-1: Ball
3-1: Base on Balls
Pitching: RHP Millard Murphy
Batting: RHB Ronnie Wise 0-0: Called Strike
0-1: Ball
1-1: Foul Ball, location: 2F
1-2: Ball
2-2: Foul Ball, location: 2F
2-2: Grounds out, U3 (Groundball, 3L)
Batting: LHB Daniel Joseph 0-0: Called Strike
0-1: Swinging Strike
0-2: Foul Ball, location: 2F
0-2: Foul Ball, location: 2F
0-2: Strikes out swinging
Top of the 7th over - 0 runs, 0 hits, 0 errors, 1 left on base; Phoenix 6 - Staten Island 6
BOTTOM OF THE 7TH
Staten Island Pizza Rats batting - Pitching for Phoenix Hotspur Academy : LHP Raúl Vázquez
Batting: RHB Brock Waxley 0-0: Called Strike
0-1: Foul Ball, location: 2F
0-2: Foul Ball, location: 2F
0-2: Foul Ball, location: 2F
0-2: Ball
1-2: Fly out, F9 (Flyball, 9S)
Batting: LHB Ismael Soto 0-0: Called Strike
0-1: Ball
1-1: Called Strike
1-2: Ball
2-2: Fly out, F7 (Line Drive, 78M)
Pinch Hitting: RHB Jack Lynch 0-0: Swinging Strike
0-1: Foul Ball, location: 2F
0-2: Foul Ball, location: 2F
0-2: Strikes out swinging
Bottom of the 7th over - 0 runs, 0 hits, 0 errors, 0 left on base; Phoenix 6 - Staten Island 6
TOP OF THE 8TH
Phoenix Hotspur Academy batting - Pitching for Staten Island Pizza Rats : RHP Millard Murphy
Now at 2B: Jack Lynch
Batting: RHB Frank Ray 0-0: Ball
1-0: Fly out, F7 (Line Drive, 7D)
Batting: RHB Felipe Hernández 0-0: Swinging Strike
0-1: Ball
1-1: Foul Ball, location: 2F
1-2: Ball
2-2: Ground out 6-3 (Groundball, 6)
Batting: RHB Paco González 0-0: Called Strike
0-1: Ball
1-1: Called Strike
1-2: Strikes out swinging
Top of the 8th over - 0 runs, 0 hits, 0 errors, 0 left on base; Phoenix 6 - Staten Island 6
BOTTOM OF THE 8TH
Staten Island Pizza Rats batting - Pitching for Phoenix Hotspur Academy : LHP Raúl Vázquez
Batting: RHB Jorge Japón 0-0: Ball
1-0: Foul Ball, location: 2F
1-1: Ball
2-1: Foul Ball, location: 2F
2-2: Strikes out swinging
Batting: LHB Carlos Sánchez 0-0: Ball
1-0: Ball
2-0: Ball
3-0: Base on Balls
Batting: RHB Curt Rovira 0-0: Ball
1-0: Foul Ball, location: 2F
1-1: Sac Bunt - play at first, batter OUT! 2-4
Carlos Sánchez to second
Batting: RHB Albert McBride 0-0: Called Strike
0-1: Swinging Strike
0-2: Foul Ball, location: 2F
0-2: Fly out, F4 (Popup, 4S)
Bottom of the 8th over - 0 runs, 0 hits, 0 errors, 1 left on base; Phoenix 6 - Staten Island 6
TOP OF THE 9TH
Phoenix Hotspur Academy batting - Pitching for Staten Island Pizza Rats : RHP Millard Murphy
Pitching: LHP Julius Spry
Pinch Hitting: RHB Hal Larson 0-0: Ball
1-0: Ball
2-0: Foul Ball, location: 2F
2-1: Called Strike
2-2: Ball
3-2: Ground out 6-3 (Groundball, 6)
Batting: RHB Brit Davis 0-0: Ball
1-0: Foul Ball, location: 2F
1-1: Called Strike
1-2: Ball
2-2: Strikes out swinging
Batting: RHB Brad Lamb 0-0: Ball
1-0: Ball
2-0: Swinging Strike
2-1: Ball
3-1: Called Strike
3-2: Ground out 5-3 (Groundball, 56S)
Top of the 9th over - 0 runs, 0 hits, 0 errors, 0 left on base; Phoenix 6 - Staten Island 6
BOTTOM OF THE 9TH
Staten Island Pizza Rats batting - Pitching for Phoenix Hotspur Academy : LHP Raúl Vázquez
Now at 1B: Hal Larson
Batting: RHB Doug Becker 0-0: Foul Ball, location: 2F
0-1: Ball
1-1: Ball
2-1: Fly out, F7 (Flyball, 7LS)
Batting: LHB Tony Rincón 0-0: Ball
1-0: Called Strike
1-1: Foul Ball, location: 2F
1-2: Fly out, F9 (Flyball, 9LM)
Batting: RHB Brock Waxley 0-0: Called Strike
0-1: Swinging Strike
0-2: Ball
1-2: Foul Ball, location: 2F
1-2: Strikes out looking
Bottom of the 9th over - 0 runs, 0 hits, 0 errors, 0 left on base; Phoenix 6 - Staten Island 6
TOP OF THE 10TH
Phoenix Hotspur Academy batting - Pitching for Staten Island Pizza Rats : LHP Julius Spry
Pitching: LHP Keun-ho Cho
Batting: RHB Nathan Pruitt 0-0: Called Strike
0-1: Swinging Strike
0-2: Ball
1-2: Ball
2-2: Foul Ball, location: 2F
2-2: Foul Ball, location: 2F
2-2: Foul Ball, location: 2F
2-2: Fly out, F8 (Flyball, 78XD)
Batting: RHB Ronnie Wise 0-0: Ball
1-0: Foul Ball, location: 2F
1-1: Ground out 5-3 (Groundball, 5)
Pinch Hitting: RHB Gabriel Méndez 0-0: Fly out, F7 (Flyball, 7)
Top of the 10th over - 0 runs, 0 hits, 0 errors, 0 left on base; Phoenix 6 - Staten Island 6
BOTTOM OF THE 10TH
Staten Island Pizza Rats batting - Pitching for Phoenix Hotspur Academy : LHP Raúl Vázquez
Pitching: RHP Ernesto García
Now in RF: Gabriel Méndez
Batting: LHB Ismael Soto 0-0: Ball
1-0: Ball
2-0: Called Strike
2-1: Ground out U3 (Groundball, 3)
Pinch Hitting: LHB Wilson Sabadodíaz 0-0: Ball
1-0: Ball
2-0: Foul Ball, location: 2F
2-1: Foul Ball, location: 2F
2-2: Foul Ball, location: 2F
2-2: Strikes out swinging
Pinch Hitting: LHB Kahutea Eperaima 0-0: Swinging Strike
0-1: Called Strike
0-2: Foul Ball, location: 2F
0-2: Ball
1-2: Foul Ball, location: 2F
1-2: Foul Ball, location: 2F
1-2: Fly out, F5 (Popup, 56)
Bottom of the 10th over - 0 runs, 0 hits, 0 errors, 0 left on base; Phoenix 6 - Staten Island 6
TOP OF THE 11TH
Phoenix Hotspur Academy batting - Pitching for Staten Island Pizza Rats : LHP Keun-ho Cho
Now at 2B: Kahutea Eperaima
Now in CF: Wilson Sabadodíaz
Batting: RHB Frank Ray 0-0: SINGLE (Flyball, 9S)
Batting: RHB Felipe Hernández 0-0: Ball
1-0: Sac Bunt - play at first, batter OUT! 1-4
Frank Ray to second
Batting: RHB Paco González 0-0: Ground out 5-3 (Groundball, 5S)
Frank Ray to third
Batting: RHB Hal Larson 0-0: Ball
1-0: Foul Ball, location: 2F
1-1: Fly out, F8 (Flyball, 8RD)
Top of the 11th over - 0 runs, 1 hit, 0 errors, 1 left on base; Phoenix 6 - Staten Island 6
BOTTOM OF THE 11TH
Staten Island Pizza Rats batting - Pitching for Phoenix Hotspur Academy : RHP Ernesto García
Batting: LHB Carlos Sánchez 0-0: Ball
1-0: Called Strike
1-1: Ground out U3 (Groundball, 3)
Batting: RHB Curt Rovira 0-0: Foul Ball, location: 2F
0-1: Called Strike
0-2: Foul Ball, location: 2F
0-2: Fly out, F4 (Line Drive, 4M)
Batting: RHB Albert McBride 0-0: Ball
1-0: Called Strike
1-1: Foul Ball, location: 2F
1-2: Ball
2-2: Ground out 4-3 (Groundball, 4)
Bottom of the 11th over - 0 runs, 0 hits, 0 errors, 0 left on base; Phoenix 6 - Staten Island 6
TOP OF THE 12TH
Phoenix Hotspur Academy batting - Pitching for Staten Island Pizza Rats : LHP Keun-ho Cho
Batting: RHB Brit Davis 0-0: Called Strike
0-1: Ball
1-1: SINGLE (Groundball, 56D)
Batting: RHB Brad Lamb 0-0: Called Strike
0-1: Swinging Strike
0-2: Ball
1-2: Ball
2-2: Ball
3-2: Foul Ball, location: 2F
3-2: Fielders Choice at 2nd, 4-6 (Groundball, 4)
Batting: RHB Nathan Pruitt 0-0: Foul Ball, location: 2F
0-1: Swinging Strike
0-2: SINGLE (Line Drive, 8LS)
Brad Lamb to second
Batting: RHB Ronnie Wise 0-0: Foul Ball, location: 2F
0-1: Foul Ball, location: 2F
0-2: Strikes out looking
Batting: RHB Gabriel Méndez 0-0: Ball
1-0: Foul Ball, location: 2F
1-1: Ball
2-1: Ball
3-1: Fly out, F8 (Line Drive, 8RM)
Top of the 12th over - 0 runs, 2 hits, 0 errors, 2 left on base; Phoenix 6 - Staten Island 6
BOTTOM OF THE 12TH
Staten Island Pizza Rats batting - Pitching for Phoenix Hotspur Academy : RHP Ernesto García
Pitching: RHP Luis Bruno
Batting: RHB Doug Becker 0-0: Ball
1-0: Ball
2-0: Swinging Strike
2-1: Ball
3-1: Ground out 6-3 (Groundball, 6S)
Batting: LHB Tony Rincón 0-0: Ball
1-0: Ball
2-0: SINGLE (Line Drive, 5D)
Batting: RHB Brock Waxley 0-0: Called Strike
0-1: Swinging Strike
0-2: Foul Ball, location: 2F
0-2: Ball
1-2: Fly out, F7 (Flyball, 7S)
Batting: LHB Ismael Soto 0-0: Called Strike
0-1: Ball
1-1: Ball
2-1: Foul Ball, location: 2F
2-2: Foul Ball, location: 2F
2-2: Strikes out swinging
Bottom of the 12th over - 0 runs, 1 hit, 0 errors, 1 left on base; Phoenix 6 - Staten Island 6
TOP OF THE 13TH
Phoenix Hotspur Academy batting - Pitching for Staten Island Pizza Rats : LHP Keun-ho Cho
Batting: RHB Frank Ray 0-0: Ground out 4-3 (Groundball, 4M)
Pinch Hitting: RHB Javier Flores 0-0: Ball
1-0: Ground out 6-3 (Groundball, 6)
Batting: RHB Paco González 0-0: Ball
1-0: Ball
2-0: Ball
3-0: Called Strike
3-1: Foul Ball, location: 2F
3-2: Base on Balls
Batting: RHB Hal Larson 0-0: Ball
1-0: Ball
2-0: Called Strike
2-1: Foul Ball, location: 2F
2-2: SINGLE (Groundball, 6D)
Paco González to second
Runner from 2nd tries for 3rd, SAFE, no throw
Batting: RHB Brit Davis 0-0: SINGLE (Flyball, 9LS)
Paco González scores
Hal Larson to second
Runner from 2nd tries for 3rd, SAFE, throw made to third
Batting: RHB Brad Lamb 0-0: Ball
1-0: Ball
2-0: Foul Ball, location: 2F
2-1: Swinging Strike
2-2: Foul Ball, location: 2F
2-2: Ground out 6-3 (Groundball, 6M)
Top of the 13th over - 1 run, 2 hits, 0 errors, 2 left on base; Phoenix 7 - Staten Island 6
BOTTOM OF THE 13TH
Staten Island Pizza Rats batting - Pitching for Phoenix Hotspur Academy : RHP Luis Bruno
Now at C: Bernardo Pacheco
Now in LF: Ben Tyler
Batting: LHB Wilson Sabadodíaz 0-0: Called Strike
0-1: Foul Ball, location: 2F
0-2: Ball
1-2: Ball
2-2: Ball
3-2: Strikes out swinging
Batting: LHB Kahutea Eperaima 0-0: Foul Ball, location: 2F
0-1: Foul Ball, location: 2F
0-2: Strikes out looking
Batting: LHB Carlos Sánchez 0-0: Ball
1-0: SINGLE (Flyball, 9S)
Batting: RHB Curt Rovira 0-0: SINGLE (Groundball, 6MD)
Carlos Sánchez to second
Runner from 2nd tries for 3rd, SAFE, no throw
Batting: RHB Albert McBride 0-0: Ball
1-0: Ball
2-0: Foul Ball, location: 2F
2-1: Ball
3-1: Called Strike
3-2: Fly out, F7 (Flyball, 78S)
Bottom of the 13th over - 0 runs, 2 hits, 0 errors, 2 left on base; Phoenix 7 - Staten Island 6
Friday, March 29th, 2019 - OOTP Baseball 18.8 Build 76